 Dungeon Crawl Stone Soup version 0.21.1-1-g345015fe64 (webtiles) character file.

13136 Kohma the Spear-Bearer (level 12, -8/96 HPs)
             Began as a Merfolk Gladiator on June 9, 2018.
             Was a Priest of the Shining One.
             Mangled by a two-headed ogre
             ... wielding a +0 giant club
              (9 damage)
             ... while paralysed by an ogre mage
             ... on level 2 of the Orcish Mines.
             The game lasted 00:59:22 (11667 turns).

Kohma the Spear-Bearer (Merfolk Gladiator)         Turns: 11667, Time: 00:59:23

Health: -8/96      AC:  9    Str: 17    XL:     12   Next: 2%
Magic:  14/14      EV:  2    Int:  7    God:    the Shining One [***...]
Gold:   674        SH:  0    Dex: 20    Spells: 10/11 levels left

rFire    . . .     SeeInvis .   w - +5 trident
rCold    + . .     Gourm    .   x - +3 large shield {rPois}
rNeg     + . .     Faith    .   c - +2 ring mail "Marim" {Stlth+}
rPois    +         Spirit   .   (helmet restricted)
rElec    .         Reflect  .   E - +0 cloak
rCorr    .         Harm     .   (no gloves)
MR       .....                  (no boots)
Stlth    +.........             (no amulet)
HPRegen  0.26/turn              e - +4 ring of protection
MPRegen  0.14/turn              p - ring of protection from cold

@: paralysed, glowing
A: change form in water, swift swim, stealthy swim, horns 1, deformed body, high
mp 1, strong 1
a: Divine Shield, Renounce Religion


You were on level 2 of the Orcish Mines.
You worshipped the Shining One.
The Shining One was most pleased with you.
You were not hungry.

You visited 3 branches of the dungeon, and saw 15 of its levels.

You collected 1140 gold pieces.
You spent 466 gold pieces at shops.

Inventory:

Hand Weapons
 a - a +1 trident
 w - a +5 trident (weapon)
Missiles
 h - 8 tomahawks of returning (quivered)
 o - 53 tomahawks
 J - 4 steel tomahawks
Armour
 c - the +2 ring mail "Marim" (worn) {Stlth+}
   (You acquired it on level 10 of the Dungeon)

   It makes you more stealthy.
 d - a +0 hat of magic resistance
 x - a +3 large shield of poison resistance (worn)
 C - a +2 helmet
 E - a +0 cloak (worn)
 R - a +0 leather armour
Jewellery
 e - a +4 ring of protection (left hand)
 j - an uncursed ring of poison resistance
 k - an uncursed ring of protection from magic
 l - an uncursed ring of magical power {unknown}
 p - a ring of protection from cold (right hand)
Wands
 b - a wand of polymorph (18)
 g - a wand of digging (14)
 A - a wand of paralysis (28)
 I - a wand of disintegration (11)
Scrolls
 m - a scroll of fog
 q - 3 scrolls of remove curse
 F - a scroll of amnesia
 H - a scroll of magic mapping
Potions
 i - 2 potions of mutation
 n - 2 potions of heal wounds
 r - 3 potions of flight {unknown}
 s - 7 potions of curing
 t - a potion of lignification {unknown}
 u - 2 potions of agility {unknown}
 v - a potion of resistance
 B - a potion of brilliance {unknown}
 D - a potion of might
 G - a potion of invisibility {unknown}
Books
 y - a book of Battle

   Spells                             Type                      Level
   a - Infusion                       Charms                       1
   b - Shroud of Golubria             Charms/Translocation         2
   c - Song of Slaying                Charms                       2
   d - Spectral Weapon                Hexes/Charms                 3
   e - Regeneration                   Charms/Necromancy            3
 z - a Young Poisoner's Handbook

   Spells                             Type                      Level
   a - Sting                          Conjuration/Poison           1
   b - Poisonous Vapours              Poison/Air                   2
   c - Mephitic Cloud                 Conjuration/Poison/Air       3
   d - Olgreb's Toxic Radiance        Poison                       4
   e - Venom Bolt                     Conjuration/Poison           5
Comestibles
 f - 11 rations
 K - 6 chunks of flesh


   Skills:
 + Level 9.4 Fighting
 - Level 14.1 Polearms
 - Level 5.1 Throwing
 * Level 11.7 Dodging
 * Level 9.6 Shields
 - Level 0.5 Charms
 + Level 2.0 Invocations


You had 10 spell levels left.
You knew the following spells:

 Your Spells              Type           Power        Failure   Level  Hunger
a - Infusion              Chrm           #...         99%         1    ##.....


Dungeon Overview and Level Annotations

Branches:
Dungeon (12/15)            Temple (1/1) D:5             Orc (2/2) D:10
   Lair: D:8-11         Elf: Orc:2

Altars:
Ashenzari
Cheibriados
Dithmenos
Elyvilon
Fedhas
Gozag
Hepliaklqana
Kikubaaqudgha
Makhleb
Nemelex Xobeh
Okawaru
Qazlal
Ru
Sif Muna
Trog
Uskayaw
Vehumet
Wu Jian
Xom
Yredelemnul
Zin
The Shining One

Shops:
D:7 [   D:9 :   D:11 !

Annotations:
D:4 Eustachio; Kohma's ghost, amateur MfGl


Innate Abilities, Weirdness & Mutations

You revert to your normal form in water.
You are very nimble and swift while swimming.
You are very stealthy in the water. (Stealth+)
You have a pair of small horns on your head.
Armour fits poorly on your strangely shaped body.
You have an increased reservoir of magic. (+10% MP)
Your muscles are strong. (Str +2)


Message History

You suddenly lose the ability to move!
The two-headed ogre hits you with a giant club!
The two-headed ogre hits you with a giant club!!
You hear two shouts!
An orc warrior comes into view. It is wielding a halberd.
You hear a shout! x2; You hear two shouts!
You hear a shout!
The orc warrior throws a tomahawk.
The tomahawk hits you but does no damage.
The two-headed ogre hits you with a giant club.
The two-headed ogre hits you with a giant club!
The ogre mage hits you with a flail.
A two-headed ogre comes into view.
It is wielding a giant club and a giant spiked club.
The two-headed ogre hits you with a giant club! x2
* * * LOW HITPOINT WARNING * * *
The two-headed ogre moves out of view.
The ogre mage hits you but does no damage.
The two-headed ogre hits you with a giant club!
* * * LOW HITPOINT WARNING * * *
The two-headed ogre hits you with a giant club!
You die...

....## #...#.....### .
#....##)..#.....#.##
..#.....#<)..........#
........#[........#.##
..........)...#.#####
........#.#)#####
..........##.#.##
...........)))..#
...........@)#.#..#
..........OO.##.. .#
............## ...#
............# .##
........o.O#. #.
.............. ..
.............. ..
....... ..


You could see 2 two-headed ogres, an ogre mage and an orc warrior.

Vanquished Creatures
  An orc warlord (D:11)
  6 two-headed ogres
  A gargoyle (D:11)
  A troll (D:9)
  Prince Ribbit (D:7)
  A hippogriff (D:9)
  2 wyverns (D:11)
  Sigmund (D:3)
  5 yaks (D:11)
  A basilisk (D:10)
  2 hungry ghosts
  A steam dragon (D:9)
  A warg (D:10)
  3 ice beasts
  12 orc warriors
  4 sky beasts
  15 ogres
  2 centaurs
  7 bullfrogs
  2 scorpions
  A wyvern skeleton (D:9)
  3 killer bees (D:10)
  4 wights (D:5)
  2 howler monkeys (D:5)
  3 crimson imps
  5 hounds
  A bullfrog skeleton (D:11)
  7 orc priests
  A jelly (D:9)
  6 orc wizards
  5 iguanas
  A centaur skeleton (D:7)
  5 worker ants
  A killer bee zombie (D:5)
  A hound zombie (D:6)
  A hound skeleton (D:9)
  6 gnolls
  8 adders
  3 shadow imps
  4 oozes
  An adder zombie (D:9)
  3 worms
  5 dart slugs
  5 leopard geckos
  62 orcs
  2 ball pythons
  7 giant cockroaches
  10 goblins
  10 hobgoblins
  17 jackals
  4 quokkas
  A ball python zombie (D:5)
  4 bats
  4 frilled lizards
  12 kobolds
  An orc zombie (D:4)
  A quokka zombie (D:5)
  11 rats
297 creatures vanquished.

Notes
Turn   | Place    | Note
-------+----------+-------------------------------------------
     0 | D:1      | Kohma the Merfolk Gladiator began the quest for the Orb.
     0 | D:1      | Reached XP level 1. HP: 16/16 MP: 1/1
    56 | D:1      | Reached XP level 2. HP: 21/23 MP: 2/2
   144 | D:1      | Reached skill level 5 in Polearms
   407 | D:1      | Reached XP level 3. HP: 20/28 MP: 3/3
   903 | D:1      | Reached XP level 4. HP: 10/34 MP: 4/4
  1857 | D:2      | Reached skill level 6 in Polearms
  2139 | D:4      | Noticed Eustachio
  2139 | D:4      | Noticed Kohma's ghost (amateur MfGl)
  2346 | D:3      | Reached XP level 5. HP: 32/41 MP: 5/5
  2515 | D:4      | Noticed Sigmund
  2538 | D:3      | Killed Sigmund
  2538 | D:3      | Reached skill level 7 in Polearms
  2538 | D:3      | Reached skill level 5 in Dodging
  2538 | D:3      | Reached XP level 6. HP: 9/48 MP: 6/6
  2811 | D:5      | Entered Level 5 of the Dungeon
  2811 | D:5      | Noticed a sky beast
  2812 | D:5      | Noticed a hungry ghost
  2837 | D:4      | Killed a hungry ghost
  3322 | D:3      | Reached XP level 7. HP: 54/54 MP: 7/7
  4038 | D:4      | Found a sparkling altar of Nemelex Xobeh.
  4063 | D:4      | Reached skill level 8 in Polearms
  4534 | D:6      | Reached skill level 9 in Polearms
  4534 | D:6      | Reached XP level 8. HP: 59/61 MP: 8/8
  4977 | D:5      | Found a staircase to the Ecumenical Temple.
  4983 | Temple   | Entered the Ecumenical Temple
  5148 | Temple   | Became a worshipper of the Shining One
  5224 | D:5      | Reached skill level 5 in Fighting
  5309 | D:5      | Reached skill level 10 in Polearms
  5419 | D:5      | Reached skill level 5 in Throwing
  5834 | D:6      | Learned a level 1 spell: Infusion
  5927 | D:7      | Found Oschihuel's Armour Emporium.
  5927 | D:7      | Noticed Prince Ribbit
  5967 | D:7      | Killed Prince Ribbit
  5967 | D:7      | Reached skill level 1 in Shields
  5967 | D:7      | Reached XP level 9. HP: 45/69 MP: 9/9
  5987 | D:7      | Bought a +0 cloak for 58 gold pieces
  6064 | D:6      | Reached skill level 11 in Polearms
  6113 | D:7      | Reached * piety under the Shining One
  6848 | D:7      | Reached skill level 12 in Polearms
  7382 | D:8      | Noticed a two-headed ogre
  7395 | D:8      | Killed a two-headed ogre
  7395 | D:8      | Reached skill level 5 in Shields
  7395 | D:8      | Reached XP level 10. HP: 74/79 MP: 10/10
  7617 | D:8      | Noticed a two-headed ogre
  7627 | D:8      | Killed a two-headed ogre
  7627 | D:8      | Reached skill level 13 in Polearms
  8308 | D:9      | Found Ahakahe's Book Emporium.
  8348 | D:9      | Noticed a two-headed ogre
  8361 | D:9      | Killed a two-headed ogre
  8373 | D:9      | Noticed a two-headed ogre
  8394 | D:9      | Killed a two-headed ogre
  8394 | D:9      | Reached skill level 14 in Polearms
  8394 | D:9      | Reached XP level 11. HP: 41/86 MP: 11/11
  8600 | D:9      | Reached skill level 10 in Dodging
  8616 | D:9      | Reached ** piety under the Shining One
  8664 | D:10     | Entered Level 10 of the Dungeon
  8973 | D:9      | Found a shadowy altar of Dithmenos.
  8973 | D:9      | Found a faded altar of an unknown god.
  8981 | D:9      | Found a faded altar of an unknown god.
  8983 | D:9      | Found a hide-covered altar of Uskayaw.
  8984 | D:9      | Found an ancient bone altar of Kikubaaqudgha.
  9148 | D:10     | Found a staircase to the Orcish Mines.
  9402 | Orc:1    | Entered Level 1 of the Orcish Mines
  9402 | Orc:1    | Noticed an orc warlord
  9939 | D:10     | Identified a scroll of acquirement
  9940 | D:10     | Gained mutation: Armour fits poorly on your strangely shaped body. [potion of mutation]
  9940 | D:10     | Gained mutation: You have a pair of small horns on your head. [potion of mutation]
  9940 | D:10     | Gained mutation: Your muscles are strong. (Str +2) [potion of mutation]
  9940 | D:10     | Gained mutation: You have an increased reservoir of magic. (+10% MP) [potion of mutation]
 10225 | D:10     | Got a faintly humming ring mail
 10236 | D:10     | Identified the +2 ring mail "Marim" {Stlth+} (You acquired it on level 10 of the Dungeon)
 10461 | D:11     | Found Unlew's Distillery.
 10473 | D:11     | Bought a potion of resistance for 170 gold pieces
 10473 | D:11     | Bought a potion of might for 68 gold pieces
 10473 | D:11     | Bought a potion of heal wounds for 85 gold pieces
 10473 | D:11     | Bought a potion of heal wounds for 85 gold pieces
 10515 | D:11     | Killed an orc warlord
 10518 | D:11     | Found an iron altar of Okawaru.
 11091 | Orc:2    | Entered Level 2 of the Orcish Mines
 11091 | Orc:2    | Reached *** piety under the Shining One
 11429 | Orc:2    | Reached skill level 1 in Invocations
 11446 | Orc:2    | Noticed a two-headed ogre
 11466 | Orc:2    | Killed a two-headed ogre
 11651 | Orc:2    | Noticed a two-headed ogre
 11655 | Orc:2    | Noticed a two-headed ogre
 11657 | Orc:2    | Noticed an ogre mage
 11662 | Orc:2    | Killed a two-headed ogre
 11662 | Orc:2    | Reached XP level 12. HP: 96/96 MP: 14/14
 11662 | Orc:2    | Paralysed by an ogre mage for 5 turns
 11666 | Orc:2    | Noticed a two-headed ogre
 11667 | Orc:2    | HP: 1/96 [two-headed ogre/giant club (13)]
 11667 | Orc:2    | Mangled by a two-headed ogre

Skill      XL: |  1  2  3  4  5  6  7  8  9 10 11 |
---------------+----------------------------------+-----
Polearms       | 5 6 7 9 10 12 14 | 14.1
Fighting       | 3 4 5 7 9 |  9.4
Throwing       | 3 4 5 |  5.1
Dodging        | 5 6 7 8 9 11 | 11.7
Shields        | 1 5 7 9 |  9.6
Invocations    | 2 |  2.0
Charms         | |  0.5

Action                   |  1- 3 |  4- 6 |  7- 9 | 10-12 || total
-------------------------+-------+-------+-------+-------++-------
Melee: Trident           |   150 |   143 |   426 |   550 ||  1269
       Headbutt          |       |       |       |    58 ||    58
Throw: Throwing net      |       |     1 |     6 |       ||     7
       Tomahawk          |       |       |     6 |    10 ||    16
  Use: Scroll            |       |     8 |     7 |     9 ||    24
       Potion            |       |       |       |     7 ||     7
 Stab: Sleeping          |     1 |     1 |     2 |       ||     4
       Held in net/web   |       |       |     2 |       ||     2
  Eat: Chunk             |       |     6 |     5 |     6 ||    17
       Ration            |       |     3 |     3 |     2 ||     8
Armor: Leather armour    |    30 |    26 |    56 |    28 ||   140
       Ring mail         |       |       |       |    10 ||    10
Dodge: Dodged            |    98 |    71 |   223 |    96 ||   488
Block: Large shield      |       |       |    76 |   297 ||   373
